AoeStats
← mrjcl199

Arena

507735393Analyzed
1v1 RM · 13d ago on Sep 19, 2026· 38m 17s· 2 players
Game mode
Random Map
Map size
Tiny (2 player)
Population
200
Speed
Normal
Resources
Standard
Victory
Conquest
Starting age
Dark Age
Ending age
Imperial Age
RankedLock teamsTeams togetherTeam positionsShared explorationLock speedFull tech treeHidden civsTurbo modeCheats
Victory
Defeat
🇹🇼 Cumans · Taiwan
1053
+16
🇺🇸 Mongols · United States
1049
-30
mrjcl199
11:32 Feudal Age
16:06 Castle Age
14:00 Double-Bit Axe
13:57 Horse Collar
15:17 Loom
20:55 Wheelbarrow
20:09 Town Watch
22:01 Hand Cart
21:48 Town Patrol
27:00 Bow Saw
29:19 Gold Mining
32:02 Imperial Age
30:29 Fletching
31:24 Gold Shaft Mining
30:48 Stone Mining
31:01 Heavy Plow
31:12 Pikeman
32:38 Bloodlines
31:48 Light Cavalry
32:36 Bodkin Arrow
32:53 Forging
33:34 Hussar
34:18 Husbandry
33:54 Capped Ram
35:29 Ballistics
ray
9:22 Feudal Age
11:20 Loom
12:12 Double-Bit Axe
19:09 Castle Age
18:02 Stone Mining
18:04 Horse Collar
20:33 Bow Saw
21:08 Wheelbarrow
21:08 Town Watch
24:34 Heavy Plow
29:24 Imperial Age
27:26 Forging
27:39 Ballistics
27:54 Bloodlines
27:05 Light Cavalry
31:28 Chemistry
31:06 Iron Casting
30:36 Scale Barding Armor
31:41 Conscription
30:59 Light Cavalry
31:52 Gold Mining
32:04 Squires
32:02 Murder Holes
32:14 Hussar
33:17 Chain Barding Armor
32:49 Fletching
33:54 Hand Cart
33:27 Elite Steppe Lancer
34:52 Capped Ram
38:23 Conscription
Connection lost

Rejoining the realm…

Still unreachable

The connection could not be restored.

Session expired

The server has moved on; the page needs a fresh start.